 Dungeon Crawl Stone Soup version 0.29.0-5-ge4962eb29e (webtiles) character file.

Game seed: 15460686011042130571

111 Woods the Chiller (level 4, 0/36 HPs)
             Began as a Naga Ice Elementalist on Aug 29, 2022.
             Slain by a gnoll
             ... wielding a +0 whip
              (7 damage)
             ... on level 3 of the Dungeon.
             The game lasted 00:07:21 (2789 turns).

Woods the Chiller (Naga Ice Elementalist)           Turns: 2789, Time: 00:07:21

Health: 0/36       AC:  9    Str: 10    XL:     4   Next: 92%
Magic:  3/8        EV: 10    Int: 17    God:
Gold:   71         SH:  0    Dex: 12    Spells: 2/9 levels left

rFire   . . .      SeeInvis +   (no weapon)
rCold   . . .      Faith    .   (no shield)
rNeg    . . .      Spirit   .   a - +0 robe
rPois   +          Reflect  .   (no helmet)
rElec   .          Harm     .   i - +0 cloak
rCorr   .          Rampage  .   (no gloves)
Will    .....                   (no barding)
Stlth   ++........              h - amulet of the acrobat
HPRegen 0.12/turn               (no ring)
MPRegen 0.11/turn               (no ring)

@: ice-armoured, very slow
A: AC +1, large, see invisible, deformed body, poison resistance, slowness 2,
spit poison 1, naga tail 1
a: Spit Poison


You were on level 3 of the Dungeon.
You visited 1 branch of the dungeon, and saw 3 of its levels.

You collected 71 gold pieces.

Inventory:

Armour
 a - a +0 robe (worn)
 i - a +0 cloak (worn)
Jewellery
 h - an amulet of the acrobat (around neck)
Scrolls
 d - a scroll of enchant weapon {unknown}
 f - a scroll of noise {unknown}
 g - 3 scrolls of identify {unknown}
 j - 4 scrolls of teleportation {unknown}
 m - a scroll of acquirement {unknown}
Potions
 b - a potion of magic
 c - 3 potions of heal wounds {unknown}
 e - 4 potions of curing {unknown}
 k - a potion of berserk rage {unknown}
 l - a potion of ambrosia {unknown}


   Skills:
 + Level 2.3 Dodging
 + Level 4.2 Stealth
 * Level 3.2 Spellcasting
 + Level 4.4 Ice Magic


You had 2 spell levels left.
You knew the following spells:

 Your Spells              Type           Power      Damage    Failure   Level
a - Freeze                Ice            68%        1d8       2%          1
b - Frozen Ramparts       Ice            34%        1d6       9%          3
c - Ozocubu's Armour      Ice            17%        N/A       9%          3

Your spell library contained the following spells:

 Spells                   Type           Power      Damage    Failure   Level
 Hailstorm                Conj/Ice       10%        3d5       56%         4
 Ice Form                 Ice/Tmut       10%        N/A       56%         4
 Simulacrum               Ice/Necr       5%         N/A       100%        6


Dungeon Overview and Level Annotations

Branches:
Dungeon (3/15)

Altars:


Innate Abilities, Weirdness & Mutations

Your serpentine skin is tough. (AC +1)
You have supernaturally acute eyesight. (SInv)
Armour fits poorly on your strangely shaped body.
Your system is resistant to poisons. (rPois)
You cover ground very slowly.
You can spit poison.
You have a snake-like lower body.


Message History

You hit the gnoll.
The gnoll is heavily wounded.
You hear a shout! x2
The wall freezes the gnoll.
The gnoll closely misses you.
You hit the gnoll but do no damage.
The gnoll is almost dead.
The frozen ramparts melt away.
The gnoll misses you. The gnoll hits you with a +0 whip.
A kobold comes into view. It is wielding a +0 dagger.
You closely miss the gnoll.
The gnoll is almost dead.
The gnoll hits you with a +0 whip.
You hit the gnoll but do no damage.
The gnoll is almost dead.
The gnoll hits you with a +0 whip.
You hit the gnoll but do no damage.
The gnoll is almost dead.
The gnoll hits you but does no damage.
You hit the gnoll but do no damage.
The gnoll is almost dead.
The gnoll hits you but does no damage.
You hit the gnoll but do no damage.
The gnoll is almost dead.
The gnoll hits you with a +0 whip.
* * * LOW HITPOINT WARNING * * *
You barely miss the gnoll.
The gnoll is almost dead.
The gnoll hits you with a +0 whip.
* * * LOW HITPOINT WARNING * * *
You closely miss the gnoll.
The gnoll is almost dead.
The gnoll hits you with a +0 whip.
* * * LOW HITPOINT WARNING * * *
You barely miss the gnoll.
The gnoll is almost dead.
The gnoll closely misses you.
You hit the gnoll but do no damage.
The gnoll is almost dead.
The gnoll hits you with a +0 whip!
You die...

## .## ######## ..#
#......# ..###
#####.####.#
....#####........#.#
[.........###.##.#.#
....####### #......#
..### ####.### ..#
#@# .## #g# .# #g#
.# .K. .# ##.#. .#
..#.# ... .## #
.##.. . .# . #.


You could see 2 gnolls and a kobold.

Vanquished Creatures
  4 gnolls (D:3)
  2 adders
  An adder zombie (D:2)
  A worm (D:2)
  A dart slug (D:2)
  A bat skeleton (D:2)
  4 endoplasms
  2 giant cockroaches
  8 goblins
  3 hobgoblins
  3 quokkas
  2 ball pythons
  A ball python skeleton (D:2)
  A ball python zombie (D:2)
  2 bats
  A frilled lizard (D:1)
  6 kobolds
  A quokka skeleton (D:2)
  2 rats (D:2)
46 creatures vanquished.

Vanquished Creatures (others)
  A withered plant (D:2)
1 creature vanquished.

Grand Total: 47 creatures vanquished

Notes
Turn   | Place    | Note
-------+----------+-------------------------------------------
     0 | D:1      | Woods the Naga Ice Elementalist began the quest for the
                  | Orb.
     0 | D:1      | Reached XP level 1. HP: 15/15 MP: 3/3
   439 | D:1      | Reached XP level 2. HP: 22/22 MP: 5/5
  1340 | D:2      | Reached XP level 3. HP: 28/28 MP: 6/6
  1464 | D:2      | Learned a level 3 spell: Frozen Ramparts
  1468 | D:2      | Learned a level 3 spell: Ozocubu's Armour
  2484 | D:3      | Reached XP level 4. HP: 36/36 MP: 6/8
  2789 | D:3      | Slain by a gnoll

Illustrated notes

Levels and vault maps discovered:
D:1:      shiori_shiawase, layout_basic
D:2:      layout_basic, serial_undead, serial_undead_d, serial_undead_f,
          serial_undead_f, serial_undead_d, serial_undead_f, serial_undead_e,
          corner_web_ring
D:3:      layout_loops_cross, chequers_serial_rivers_large_a, st_stairs_11

Skill      XL: |  1  2  3  4 |
---------------+-------------+-----
Dodging        | 2 |  2.3
Stealth        | 4 |  4.2
Spellcasting   | 3 |  3.2
Ice Magic      | |  4.4

Action                   |  1- 3 |  4- 6 || total
-------------------------+-------+-------++-------
Melee: Unarmed           |    85 |    24 ||   109
 Cast: Freeze            |    40 |    10 ||    50
       Frozen Ramparts   |     4 |     2 ||     6
       Ozocubu's Armour  |     3 |     2 ||     5
 Abil: Spit Poison       |    15 |       ||    15
 Stab: Sleeping          |     1 |       ||     1
Armor: Robe              |    30 |     7 ||    37
Dodge: Dodged            |    66 |    12 ||    78
